Cogmind - Beta 9.1 @@@ ROGUE MODE // 2019.11.03 @ 19:56:44 Player: Torque Result: Destroyed by D-53 Grenadier with Mini Grenade Launcher Performance ------------- Evolutions (0) 0 Regions Visited (4) 800 Robots Destroyed (20) 100 Value Destroyed (358) 358 Prototype IDs (0) 0 Alien Tech Used (0) 0 Bonus (-92) -92 TOTAL SCORE: 1166 Bonus ------- Follower Combat Kills 14 Friendly Fire -106 Cogmind --------- Core Integrity 0/250 Matter 285/300 Energy 73/250 System Corruption 2% Temperature Cool (104) Location -9/Mines Parts ------- Power (1) Ion Engine Propulsion (2) Light Treads Advanced Treads Utility (2) Large Storage Unit System Shield Weapon (2) Small Laser Shock Bomb Launcher Inventory (10) Nuclear Core Light Nuclear Core Light Treads Light Assault Rifle Improved Datajack Peak State ------------ Power Light Nuclear Core Propulsion Advanced Treads Improved Hover Unit Utility Small Storage Unit System Shield Weapon Small Laser Heavy Particle Cannon Inventory Ion Engine Light Treads Light Treads Improved Hover Unit Improved Hover Unit [Rating: 16] Favorites ----------- Power Ion Engine Engine Ion Engine Power Core Light Nuclear Core Propulsion Light Treads Treads Light Treads Leg Aluminum Leg Wheel Wheel Hover Unit Improved Hover Unit Utility System Shield Storage Small Storage Unit Hackware System Shield Protection Light Armor Plating Weapon Small Laser Energy Gun Small Laser Energy Cannon Heavy Particle Cannon Ballistic Gun Assault Rifle Ballistic Cannon Light Cannon Launcher Shock Bomb Launcher Special Melee Weapon Datajack Build | -11 -10 -10 -10 -9 ------- Run | Scr Mat Min Exi Min Slots Evolved . | . . . . . Power . | . . . . . Propulsion . | . . . . . Utility . | . . . . . Weapon . | . . . . . Parts Attached 39 | 8 21 5 3 2 Power 6 | 1 3 . 2 . Engine 5 | 1 2 . 2 . Core 1 | . 1 . . . Reactor . | . . . . . Propulsion 14 | 4 8 2 . . Treads 7 | 1 4 2 . . Leg 2 | 2 . . . . Wheel 1 | 1 . . . . Hover 4 | . 4 . . . Flight . | . . . . . Utility 6 | 1 2 2 1 . Device . | . . . . . Storage 4 | 1 1 1 1 . Processor . | . . . . . Hackware 1 | . . 1 . . Protection 1 | . 1 . . . Artifact . | . . . . . Weapon 13 | 2 8 1 . 2 Energy Gun 6 | 1 4 . . 1 Energy Cannon 1 | . . 1 . . Ballistic Gun 2 | 1 1 . . . Ballistic Cannon 2 | . 2 . . . Launcher 1 | . . . . 1 Special Weapon . | . . . . . Impact Weapon . | . . . . . Slashing Weapon . | . . . . . Piercing Weapon . | . . . . . Special Melee Weapon 1 | . 1 . . . Unidentified Prototypes . | . . . . . Parts Lost 9 | . 7 1 . 1 Power 1 | . 1 . . . Propulsion 2 | . 1 1 . . Utility 1 | . 1 . . . Weapon 5 | . 4 . . 1 Highest Loss Streak 5 | . 5 1 . 1 Average Slot Usage (%) 95 | . 83 99 100 100 Engine 9 | . 11 . 13 14 Core 4 | . 1 14 . . Treads 22 | . 11 22 28 28 Leg 1 | . 7 . . . Hover 3 | . 7 4 . . Storage 15 | . 16 16 14 14 Hackware 9 | . . 11 14 14 Energy Gun 12 | . 8 16 14 12 Energy Cannon 9 | . . 11 14 14 Ballistic Gun 2 | . 8 . . . Ballistic Cannon 1 | . 6 . . . Naked Turns . | . . . . . Heaviest Build 33 | 11 17 20 28 33 Greatest Support 42 | 20 40 42 42 42 Greatest Overweight (x) 2 | 1 1 2 . . Average Overweight (x) . | . . . . . Largest Inventory Capacity 10 | 6 6 8 10 10 Average Capacity 7 | 5 6 6 9 10 Most Carried 7 | 6 6 6 7 6 Average Carried 5 | 3 4 4 5 5 Final Capacity 10 | 6 6 8 10 10 Final Carried 6 | 6 6 5 6 5 Class Distribution -------------------- 100% | Mutant Dominant Class ---------------- Mutant | -10/Materials Mutant | -10/Mines Mutant | -10/Exiles Mutant | -9/Mines Resources | -11 -10 -10 -10 -9 ----------- Run | Scr Mat Min Exi Min Matter Collected 735 | 258 377 50 . 50 Remotely . | . . . . . Salvage Created 459 | 46 306 . . 107 Parts 35 | 4 27 . . 4 Haulers Intercepted . | . . . . . Recyclers Shooed 1 | 1 . . . . Parts Field Recycled . | . . . . . Retrieved Matter . | . . . . . Parts Self-Destructed . | . . . . . Prevented . | . . . . . Kills | -11 -10 -10 -10 -9 ------- Run | Scr Mat Min Exi Min Combat Hostiles Destroyed 17 | . 10 . . 7 Guns 7 | . 6 . . 1 Cannons 7 | . 4 . . 3 AOE 3 | . . . . 3 Classes Destroyed 6 | 2 3 . . 1 Worker 1 | 1 . . . . Tunneler 1 | 1 . . . . Watcher 1 | . 1 . . . Swarmer 5 | . 3 . . 2 Grunt 7 | . 7 . . . Assembled 5 | . . . . 5 Best Kill Streak 5 | 2 2 . . 5 Combat Bots Only 5 | . 2 . . 5 Max Kills in Single Turn 2 | 1 1 . . 2 Gunslinging . | . . . . . Exploded 1 | . . . . 1 Melee . | . . . . . Uniques/NPCs Destroyed . | . . . . . Combat | -11 -10 -10 -10 -9 -------- Run | Scr Mat Min Exi Min Damage Taken 1428 | . 1206 39 . 183 Core 250 | . 222 . . 28 Absorbed by Shields . | . . . . . Core Remaining (%) 100 | 100 . . . . Volleys Fired 68 | 5 56 . . 7 Largest 2 | 2 2 . . 2 Hottest 115 | 70 105 . . 115 Shots Fired 108 | 10 84 . . 14 Gun 75 | 10 62 . . 3 Cannon 29 | . 22 . . 7 Launcher 4 | . . . . 4 Special . | . . . . . Kinetic 56 | 5 51 . . . Thermal 48 | 5 33 . . 10 Explosive . | . . . . . Electromagnetic 4 | . . . . 4 Robot Hit Streak 10 | 4 10 . . 4 Robot Miss Streak 3 | 1 3 . . 2 Penetration Max . | . . . . . Secondary Targets 1 | . 1 . . . Max Gunslinging Chain 1 | . 1 . . . Shots Hit Robots 74 | 7 60 . . 7 Core Hits 38 | 3 24 . . 11 Critical Hits 1 | . 1 . . . Critical Kills . | . . . . . Critical Parts Destroyed 1 | . 1 . . . Melee Attacks 5 | . 5 . . . Impact . | . . . . . Slashing . | . . . . . Piercing . | . . . . . Sneak Attacks 2 | . 2 . . . Combat Hostiles . | . . . . . Follow-up Attacks . | . . . . . Damage Inflicted 1190 | 88 677 . . 425 Guns 609 | 88 490 . . 31 Cannons 276 | . 176 . . 100 Explosions 294 | . . . . 294 Melee . | . . . . . Ramming 11 | . 11 . . . Kinetic 446 | 26 420 . . . Thermal 455 | 62 246 . . 147 Explosive . | . . . . . Electromagnetic 278 | . . . . 278 Impact . | . . . . . Slashing . | . . . . . Piercing . | . . . . . Highest Corruption 2 | . 1 1 1 2 Average Corruption 1 | . 1 1 1 1 Corruption Purged . | . . . . . Effects 7 | . . 2 4 1 Message Errors 4 | . . 1 3 . Energy Discharges 1 | . . . 1 . Data Loss (minor) 2 | . . 1 . 1 Overload Shots . | . . . . . Overflow Damage . | . . . . . Projectiles . | . . . . . Explosions . | . . . . . Melee . | . . . . . Knockbacks . | . . . . . Impact . | . . . . . Kinetic . | . . . . . Secondary . | . . . . . Self-Inflicted Damage 60 | . 5 . . 55 Shots 4 | . . . . 4 Rammed 3 | . 3 . . . Targets Rammed 3 | . 3 . . . Kicked . | . . . . . Crushed . | . . . . . Highest Temperature 254 | 27 168 . . 254 Average Temperature 54 | 12 43 . . 118 Received Heat Transfer 444 | . 444 . . . Siege Activations . | . . . . . Robots Corrupted . | . . . . . Combat Hostiles . | . . . . . Parts Fried . | . . . . . Impact Corruptions . | . . . . . Robots Melted . | . . . . . Combat Hostiles . | . . . . . Parts Melted . | . . . . . Heat Transferred 1082 | 185 624 . . 273 Parts Sabotaged . | . . . . . Parts Stolen . | . . . . . Parts Stripped . | . . . . . Power Chain Reactions 1 | . . . . 1 Missiles Intercepted . | . . . . . Alert | -11 -10 -10 -10 -9 ------- Run | Scr Mat Min Exi Min Peak Influence 233 | 10 233 39 . 119 Average Influence 51 | 1 76 18 . 113 Maximum Alert Level 1 | . 1 . . . Low Security (%) 98 | . . . . . Level 1 1 | . . . . . Level 2 . | . . . . . Level 3 . | . . . . . Level 4 . | . . . . . Level 5 . | . . . . . High Security . | . . . . . Max Security . | . . . . . Squads Dispatched 1 | . 1 . . . Investigation . | . . . . . Extermination . | . . . . . Reinforcement 1 | . 1 . . . Assault . | . . . . . Garrison . | . . . . . Intercept . | . . . . . Construction Impeded . | . . . . . Haulers Reinforced . | . . . . . Stealth | -11 -10 -10 -10 -9 --------- Run | Scr Mat Min Exi Min Distress Signals 3 | . 3 . . . Communications Jammed . | . . . . . Distress Signals . | . . . . . Times Spotted 34 | . 18 . . 16 Peak Tracking Total 8 | . 4 . . 8 Tactical Retreats 1 | . . . . 1 Traps | -11 -10 -10 -10 -9 ------- Run | Scr Mat Min Exi Min Traps Triggered 3 | . 2 1 . . Indirectly . | . . . . . Trap Hack Attempts 3 | . 3 . . . Triggered . | . . . . . Disarmed . | . . . . . Reprogrammed . | . . . . . Reused . | . . . . . Traps Extracted . | . . . . . Installed . | . . . . . Triggered . | . . . . . Machines | -11 -10 -10 -10 -9 ---------- Run | Scr Mat Min Exi Min Machines Disabled 2 | . 2 . . . Max in Single Turn 1 | . 1 . . . Machines Sabotaged . | . . . . . Garrisons Compromised . | . . . . . Overloaded Fab Kills . | . . . . . Fab Network Shutdowns . | . . . . . Hacking | -11 -10 -10 -10 -9 --------- Run | Scr Mat Min Exi Min Machines Accessed 5 | . . 1 4 . Terminals . | . . . . . Fabricators . | . . . . . Repair Stations . | . . . . . Recycling Units . | . . . . . Scanalyzers . | . . . . . Garrison Access . | . . . . . Total Hacks 49 | . . 1 48 . Successful 49 | . . 1 48 . Failed . | . . . . . Catastrophic . | . . . . . Database Lockouts . | . . . . . Manual . | . . . . . Terminals . | . . . . . Fabricators . | . . . . . Repair Stations . | . . . . . Recycling Units . | . . . . . Scanalyzers . | . . . . . Garrison Access . | . . . . . Terminal Hacks 49 | . . 1 48 . Record 48 | . . . 48 . Open Door 1 | . . 1 . . Fabricator Hacks . | . . . . . Repair Station Hacks . | . . . . . Recycling Unit Hacks . | . . . . . Scanalyzer . | . . . . . Garrison Access Hacks . | . . . . . Unauthorized Hacks . | . . . . . Terminals . | . . . . . Fabricators . | . . . . . Repair Stations . | . . . . . Recycling Units . | . . . . . Scanalyzers . | . . . . . Garrison Access . | . . . . . Data Cores Recovered . | . . . . . Used . | . . . . . Hacking Detections . | . . . . . Full Trace Events . | . . . . . Feedback Events . | . . . . . Feedback Blocked . | . . . . . Robot Schematics Acquired . | . . . . . Robots Built . | . . . . . Matter . | . . . . . Time . | . . . . . Total Robot Build Rating . | . . . . . Part Schematics Acquired . | . . . . . Parts Built . | . . . . . Matter . | . . . . . Time . | . . . . . Total Part Build Rating . | . . . . . Parts Repaired . | . . . . . Time . | . . . . . Parts Recycled . | . . . . . Recycled Matter . | . . . . . Retrieved Matter . | . . . . . Retrieved Components . | . . . . . Parts Scanalyzed . | . . . . . Part Schematics Acquired . | . . . . . Parts Damaged . | . . . . . Bothacking | -11 -10 -10 -10 -9 ------------ Run | Scr Mat Min Exi Min Used RIF Installer . | . . . . . Robots Hacked 3 | . 3 . . . Non-combat 2 | . 2 . . . Combat 1 | . 1 . . . Robot Hacks Applied 3 | . 3 . . . parse_system 2 | . 2 . . . no_distress 1 | . 1 . . . Relay Couplers Released . | . . . . . Robots Rewired . | . . . . . Allies Hacked . | . . . . . Hacks Repelled . | . . . . . Allies | -11 -10 -10 -10 -9 -------- Run | Scr Mat Min Exi Min Total Allies 3 | . . 3 . . Largest Group 3 | . . 3 3 3 Highest-Rated Group 40 | . . 40 40 40 Highest-Rated Ally 16 | . . 16 16 16 Total Orders 6 | . . 1 1 4 ROAM 1 | . . . . 1 FOLLOW 4 | . . 1 1 2 GUARD 1 | . . . . 1 Ally Attacks 30 | . . . . 30 Total Damage 280 | . . . . 280 Kills 6 | . . . . 6 Allies Corrupted . | . . . . . Allies Melted . | . . . . . Intel | -11 -10 -10 -10 -9 ------- Run | Scr Mat Min Exi Min Robot Analysis Total . | . . . . . Derelict Logs Recovered 4 | . . 3 . 1 Drone Launches . | . . . . . Drone Recoveries . | . . . . . Exploration | -11 -10 -10 -10 -9 ------------- Run | Scr Mat Min Exi Min Turns Passed 2734 | 124 724 689 1015 182 Spaces Moved 1727 | 78 420 463 664 102 Core 13 | 12 1 . . . Treads 1282 | 1 147 368 664 102 Legs 132 | 37 95 . . . Wheels 28 | 28 . . . . Hover 272 | . 177 95 . . Flight . | . . . . . Fastest Speed 50 | 50 56 116 152 152 Average Speed 139 | 97 116 145 152 152 Slowest Speed 180 | 160 160 180 152 152 Overloaded Moves . | . . . . . Propulsion Burnouts . | . . . . . Robots Hopped . | . . . . . Cave-ins Triggered . | . . . . . Exploration Rate (%) 47 | 5 32 76 92 31 Regions Visited 4 Branch Regions 3 Pre-discovered Areas 4 | . . 2 1 1 Known Exits Taken . | . . . . . Unknown Exits Taken 4 | 1 1 1 1 . Scrap Searched 1 | . . 1 . . Spaces Dug . | . . . . . Terrain Destroyed 8 | . . . . 8 Melee . | . . . . . Projectile 3 | . . . . 3 AOE 5 | . . . . 5 Actions | -11 -10 -10 -10 -9 --------- Run | Scr Mat Min Exi Min Total 1946 | 112 565 483 671 115 Wait 54 | 16 32 1 1 4 Move 1723 | 77 419 462 663 102 Hop . | . . . . . Pick Up 22 | 6 10 5 1 . Fast Attach 23 | 6 14 3 . . Attach 7 | . 3 1 2 1 Detach 7 | . 4 1 2 . Swap 9 | 2 4 1 1 1 Drop 22 | . 12 9 1 . Fire 68 | 5 56 . . 7 Melee 5 | . 5 . . . Ram 3 | . 3 . . . Kick . | . . . . . Crush . | . . . . . Escape Stasis . | . . . . . Rewire . | . . . . . Trap 3 | . 3 . . . Miscellaneous . | . . . . . Route ------- -11/Scrapyard -10/Materials -10/Mines (discovered 2 exits: *Mat / *Exi) -10/Exiles (discovered 2 exits: [*Min x2]) -9/Mines History --------- Turn | Location | Event 30 | -11/Scrapyard | Discovered new exit (range 15) 125 | -11/Scrapyard | Entered Materials 142 | -10/Materials | Discovered new exit (range 16) 348 | -10/Materials | Lost 5 parts (1p1n1u2w) 358 | -10/Materials | Build established: Mutant 412 | -10/Materials | Core integrity fell below 50% 459 | -10/Materials | Core integrity fell below 20% 849 | -10/Materials | Entered Mines 933 | -10/Mines | Met a Derelict who couldn't figure out how to use a Trap Extractor 1090 | -10/Mines | Learned location of Recycling (-9) 1144 | -10/Mines | Identified exit to Materials 1153 | -10/Mines | Deemed a non-threat by the Exiles lab entrance 1153 | -10/Mines | Discovered new exit (range 5) 1268 | -10/Mines | Learned location of Zion (-7) 1379 | -10/Mines | Assisted by bots powering up and referring to "LRC-V3" 1538 | -10/Mines | Entered Exiles 1538 | -10/Exiles | Accompanied by 3 allies 1591 | -10/Exiles | Met 8R-AWN 1619 | -10/Exiles | Met EX-HEX 1731 | -10/Exiles | Met EX-DEC 1837 | -10/Exiles | Discovered new exit (range 14) 1952 | -10/Exiles | Visited The Gauntlet 2190 | -10/Exiles | Met EX-BIN 2530 | -10/Exiles | Discovered new exit (range 15) 2553 | -10/Exiles | Entered Mines 2553 | -9/Mines | Accompanied by 3 allies 2692 | -9/Mines | Assembled infested the area 2735 | -9/Mines | Destroyed by D-53 Grenadier with Mini Grenade Launcher Last Messages --------------- 02709_ as-58349 destroyed. 02710_ as-28745 destroyed. 02714_ System corrupted: Component data lost. 02715_ as-98178 destroyed. 02717_ as-81000 destroyed. 02717_ Trooper 1b destroyed. 02718_ as-78323 destroyed. 02718_ Chain reaction triggered in Lgt. Ion Engine. 02719_ Trooper 1a destroyed. 02723_ U-05 Engineer lays Concrete. 02724_ as-58096 IFF system glitched. 02724_ as-90702 destroyed. 02724_ as-88340 destroyed. 02727_ as-58096 destroyed. 02727_ Acquired 16 matter. 02730_ Acquired 4 matter. 02731_ C-30 ARC bursts open, deploying its payload. 02731_ D-53 Grenadier unfolds itself. 02732_ Hvy. Particle Cannon destroyed. 02734_ Mercenary 1a destroyed. Map ----- +----------------------------------------------------+ | ??????????????????????????????????????????????? | | ??????????????????????????????????????????????? | | ??????????????????????????????????????????????? | | ??????????????????????????????????????????????? | | ??????????????????????????????????????????????? | | ??????????????????????????????????????????????? | | ??????????????????????????????????????????????? | | ??????????????????????????????????????????????? | | ??????????????????????????????????????????????? | | ??????????????????????????????????????????????? | | ??????????????????????????????????????????????? | | ??????????????????????????????????????????????? | | ??????????????????????????????????????????????? | | ??????????????????????????????????????????????? | | ??????????????????????????????????????????????? | | ??????????????????????????????????????????????? | | ?????????????????????????????????? ?#????????? | | ????????????????????????????????? ????????? | | ???????????????????????????????? ????????? | | ??????????????????????????????? ?????????? | | ?????????????????????????????? ???????????? | | ?????????????????????##?????? #????????????? | | ????????????????????## ####? #?????????????? | | ????????????????????# ## #??????????????? | | ????????????????????# #??????????????? | | ??????# ?????????### @ ##??????????????? | | ?????## ######## = =##???????????????? | | ????## "%" d % % #????????????????? | | ???## d = #????????????????? | | ???# ####### # #?????????????? | | ???# #??????# ### # # ;;;# #?????????????? | | ??## #??????# #?###########?#?????????????? | | ??# ##?????# #???????????????????????????? | | ??# ####??# #???????????????????????????? | | ??# ##?# #???????????????????????????? | | ??# ### #???????????????????????????? | | ??# ## #???????????????????????????? | | ??# #???????????????????????????? | | ?## ####???????????????????????????? | | ?# #??????????????????????????????? | | ## #??????????????????????????????? | | ##??????????????????????????????? | | ## #???????????????????????????????? | | ## #### #???????????????????????????????? | | ?# ##?# #???????????????????????????????? | | ?## ### #???????????????????????????????? | | ??## ## #???????????????????????????????? | | ???## ## ##???????????????????????????????? | | ????## #####????????????????????????????????? | | ?????#####????????????????????????????????????? | +----------------------------------------------------+ Best States ------------- Heat Dissipation 25 Energy Generation 14 Energy Capacity 560 Matter Stores 300 Matter Capacity 300 Sight Range 16 Terrain Scan Density 10 Armor Coverage 150 Evasion (%) 53 Recoil Reduction 2 Defensive Hacking 10 Item Schematics ----------------- None Robot Schematics ------------------ None Fabricated ------------ Nothing Alien Tech Used ----------------- None Achievements -------------- Librarian Challenges ------------ None Game ------ Seed ExperimentalIonicInterpreter Manual? 0 Play Time 00:41:23 Cumulative 9.5 hours Start 2019.11.03 @ 18:12:02 End 2019.11.03 @ 19:56:44 Sessions 1 Manual Loads 0 Difficulty Rogue Special Mode None Game No. 14 Rogue 14 Adventurer 0 Explorer 0 Win Type - Total 0 Types 0/0/0/0/0/0/0 Lore% 17 Gallery% 17 Achievement% 16 Wizard Run 0 Options --------- ASCII 0 Keyboard 1 Movement Numpad Keybinds 0 Fullscreen 1 Font 18/SmallcapsGlow Map View 76x50 Tactical HUD 1 Map Filters NONE Filters NONE Steam 1 RUN: b10e25a4-d023-4cfd-9d2c-61f6a848bf35